 Dungeon Crawl Stone Soup version 0.31-a0-949-g57150269e1 (webtiles) character file.

Game seed: 6213620776571975171

2828 avis the Nimble (level 9, 39/39 HPs)
             Began as a Felid Artificer on Oct 21, 2023.
             Was an Initiate of Gozag.
             Got out of the dungeon alive.
             The game lasted 00:58:44 (8681 turns).

avis the Nimble (Felid Artificer)                   Turns: 8681, Time: 00:58:44

Health: 39/39      AC:  2    Str: 10    XL:     9   Next: 45%
Magic:  10/10      EV: 28    Int: 19    God:    Gozag
Gold:   1007       SH:  0    Dex: 22    Spells: 6/8 levels left
                                        Lives:  0   Deaths: 3

rFire   . .          .
                       - Unarmed
rCold   . . .        (shield unavailable)
rNeg    . . .        (body armour unavailable)
rPois   .            (helmet unavailable)
rElec   .            (cloak unavailable)
rCorr   .            (gloves unavailable)
SInv    +            (boots unavailable)
Will    +....        (no amulet)
Stlth   +            s - ring of Tomorrow {Int+6 Dex+4 Slay+5}
HPRegen 0.26/turn    (no ring)
MPRegen 0.12/turn

%: no passive effects
@: flux-form, glowing, quick
A: glow, contaminating, very small, claws 1, fangs 3, see invisible, speed 1,
shaggy fur 2, stealthy paws, no weapons or thrown items, no armour, multi-lived
a: Begin Untransformation, Renounce Religion, Potion Petition, Call Merchant,
Bribe Branch


You escaped.
You worshipped Gozag.
Gozag was most pleased with you.
You were something dangerously unstable.
You visited 2 branches of the dungeon, and saw 9 of its levels.
You also visited: Sewer.

You collected 1100 gold pieces.
You paid 93 gold pieces to Gozag.

Inventory:

Jewellery
 l - a ring of fire
 s - the ring of Tomorrow (left paw) {Int+6 Dex+4 Slay+5}
   (You found it on level 5 of the Dungeon)

   [ring of intelligence]

   Int+6:     It affects your intelligence (+6).
   Dex+4:     It affects your dexterity (+4).
   Slay+5:    It affects your accuracy & damage with ranged weapons and melee
   (+5).
Talismans
 f - a flux talisman (active)
 m - a maw talisman
Wands
 b - a wand of charming (14)
 v - a wand of quicksilver (15)
 C - a wand of flame (15)
 D - a wand of iceblast (11)
Scrolls
 c - a scroll of fog {unknown}
 h - 2 scrolls of blinking
 i - 2 scrolls of poison {unknown}
 j - 2 scrolls of noise {unknown}
 k - 2 scrolls of butterflies {unknown}
 o - a scroll of teleportation {unknown}
 q - a scroll of enchant armour {unknown}
 t - a scroll of amnesia {unknown}
 u - 2 scrolls of fear {unknown}
 x - 2 scrolls of vulnerability {unknown}
 y - a scroll of immolation {unknown}
Potions
 d - 3 potions of curing
 e - a potion of heal wounds
 g - a potion of cancellation
 n - a potion of haste {unknown}
 p - a potion of brilliance {unknown}
 r - 2 potions of enlightenment
 z - a potion of lignification
 B - a potion of resistance {unknown}
Miscellaneous
 w - a tin of tremorstones (2/2)


   Skills:
 - Level 4.0 Fighting
 * Level 11.6 Dodging
 - Level 2.0 Stealth
 - Level 3.0 Unarmed Combat
 - Level 4.0 Evocations
 - Level 8.0 Shapeshifting


You had 6 spell levels left.
You knew the following spells:

 Your Spells              Type           Power      Damage    Failure   Level
e - Wereblood             Tmut           0%         N/A       30%         2

Your spell library contained the following spells:

 Spells                   Type           Power      Damage    Failure   Level
 Apportation              Tloc           0%         N/A       21%         1
 Necrotise                Necr           0%         1d4       21%         1
 Slow                     Hex            0%         N/A       21%         1
 Summon Small Mammal      Summ           0%         N/A       21%         1
 Sublimation of Blood     Necr           0%         N/A       30%         2
 Confusing Touch          Hex            0%         N/A       52%         3
 Sigil of Binding         Hex            0%         N/A       52%         3
 Tukima's Dance           Hex            0%         N/A       52%         3
 Vampiric Draining        Necr           0%         2d6       52%         3
 Anguish                  Hex/Necr       0%         N/A       90%         4
 Cause Fear               Hex            0%         N/A       90%         4
 Passage of Golubria      Tloc           0%         N/A       90%         4
 Yara's Violent Unravell  Hex/Tmut       0%         3d3       99%         5
 Enfeeble                 Hex            0%         N/A       100%        7
 Summon Hydra             Summ           0%         N/A       100%        7


Dungeon Overview and Level Annotations

Branches:
Dungeon (8/15)             Temple (1/1) D:4           Sewer (visited)
   Lair: D:8-11

Altars:
Ashenzari
Cheibriados
Dithmenos
Elyvilon
Gozag
Kikubaaqudgha
Makhleb
Nemelex Xobeh
Okawaru
Qazlal
Ru
Sif Muna
Trog
Uskayaw
Vehumet
Wu Jian
Xom
Yredelemnul
Zin
The Shining One

Shops:
D:8 :

Annotations:
D:2 1 runed translucent door, exclusion: door


Innate Abilities, Weirdness & Mutations

You are something dangerously unstable.
You glow with magical radiation, making you easy to see and hit.
Foes you strike become dangerously contaminated with magical radiation.
You have sharp claws.
You have razor-sharp teeth.
You have supernaturally acute eyesight. (SInv)
You cover ground quickly. (Speed+)
You are covered in thick fur. (AC +2)
Your paws help you pounce on unaware monsters.
You are incapable of wielding weapons or throwing items.
You cannot wear armour.
You gain extra lives every three experience levels.


Message History

The steam dragon barely misses you. The steam dragon misses you.
You claw the steam dragon!
The steam dragon begins to glow.
The steam dragon is heavily wounded.
The steam dragon completely misses you. The steam dragon closely misses you.
You scratch the steam dragon but do no damage.
The steam dragon glows dangerously bright.
The steam dragon is heavily wounded.
The steam dragon bites you! The steam dragon barely misses you.
You scratch the steam dragon but do no damage.
The steam dragon shudders as magic cascades through it!!
You kill the steam dragon!
You now have 1007 gold pieces (gained 17).
You see here a +0 hand axe.
What level of the Dungeon? (default 1, ? - help)
There is a stone staircase leading up here.
You climb upwards.
There is a stone staircase leading down here.
There is a stone staircase leading up here.
You climb upwards.
There is a stone staircase leading down here.
HP restored.
You see here a +0 dagger.
There is a stone staircase leading up here.
You see here a +0 spear.
You climb upwards.
Level annotation: 1 runed translucent door, exclusion: door
There is a stone staircase leading down, spattered with blood here.
Things that are here:
a +0 helmet; a +0 animal skin; a +0 whip
Things that are here:
a +0 ring mail; a +0 mace
There is a stone staircase leading up here.
You climb upwards.
There is a stone staircase leading down here.
You open the door.
There is an open door here.
There is an open door here.
There is an open door here.
There is a staircase leading out of the dungeon here.
You have escaped!

#.######...........# #.# #
#........#'#+###.#'# #.###
######.###.'.....'.# #.##.
#..##.#######.#######.##.
#...'....'....'..........
#.###.#####'#.#.#####.... #.#
#.#.....#.#.##.....#.
#.#####.....###.##.##.##.
#...'†#.p>..#.'.##.##.##>
#############'#.....###....##.##.
............#.#.....+.#.......##.
#############.#'#####.#.########.
#.........#......# #.
#...##.#######.#.# #. #
####...##.'.....'.#.# #.
#####.......#.#'###.#.#.# ##
......................#.#


There were no monsters in sight!

Vanquished Creatures
  A wyvern (D:8)
  A steam dragon (D:5)
  Menkaure (D:6)
  A water moccasin (D:5)
  An acid dragon (D:8)
  An orc warrior (D:7)
  An ogre (D:5)
  2 black bears
  A centaur (D:6)
  2 kobold brigands
  Blork the orc (D:6)
  4 bullfrogs
  A scorpion (D:5)
  3 wights
  4 howler monkeys
  A jelly (D:5)
  5 hounds
  2 orc priests
  A sleepcap (D:6)
  2 iguanas
  Terence (D:2)
  6 orc wizards
  Natasha (thrice) (D:3)
  Robin (D:2)
  4 gnolls
  2 river rats (D:6)
  11 adders
  4 white imps
  4 worms
  3 dart slugs
  14 orcs
  4 endoplasms
  9 giant cockroaches (Sewer)
  8 goblins
  7 hobgoblins
  2 jackals
  3 quokkas
  18 ball pythons
  8 bats
  7 frilled lizards
  16 kobolds
  11 rats
182 creatures vanquished.

Vanquished Creatures (collateral kills)
  A gnoll bouda (D:5)
  2 gnolls
3 creatures vanquished.

Vanquished Creatures (others)
  A gnoll (D:3)
1 creature vanquished.

Grand Total: 186 creatures vanquished

Notes
Turn   | Place    | Note
-------+----------+-------------------------------------------
     0 | D:1      | avis the Felid Artificer began the quest for the Orb.
     0 | D:1      | Reached XP level 1. HP: 9/9 MP: 2/2
   225 | D:1      | Reached XP level 2. HP: 9/13 MP: 3/3
   538 | D:1      | Reached skill level 4 in Dodging
   728 | D:1      | Found a faded altar of an unknown god.
  1117 | D:2      | Reached XP level 3. HP: 14/16 MP: 4/4
  1528 | D:2      | Found a runed translucent door.
  1740 | D:2      | Noticed Robin
  1756 | D:2      | Reached XP level 4. HP: 21/21 MP: 5/5
  1758 | D:2      | Noticed Terence
  1773 | D:2      | Killed Terence
  1773 | D:2      | Killed Robin
  1774 | D:2      | Reached skill level 5 in Dodging
  1913 | D:2      | HP: 1/21 [gnoll/+0 club (4)]
  2108 | D:3      | Reached skill level 6 in Dodging
  2108 | D:3      | Reached XP level 5. HP: 15/24 MP: 6/6
  2966 | D:3      | Noticed Natasha
  2970 | D:3      | Killed Natasha
  3026 | D:3      | Noticed Natasha
  3028 | D:3      | Killed Natasha
  3055 | D:3      | Noticed Natasha
  3061 | D:3      | Killed Natasha
  3062 | D:3      | Reached skill level 7 in Dodging
  3062 | D:3      | Gained mutation: You are covered in thick fur. (AC +2)
                  | [Felid growth]
  3062 | D:3      | Reached XP level 6. HP: 28/28 MP: 7/7
  3141 | D:4      | Reached skill level 1 in Unarmed Combat
  3392 | D:4      | Found a staircase to the Ecumenical Temple.
  3398 | Temple   | Entered the Ecumenical Temple
  3470 | Temple   | Became a worshipper of Gozag Ym Sagoz the Greedy
  3925 | D:4      | Reached skill level 8 in Dodging
  4280 | D:5      | Entered Level 5 of the Dungeon
  4292 | D:5      | HP: 1/28 [acid (7)]
  4295 | D:5      | Reached XP level 7. HP: 1/31 MP: 8/8
  4847 | D:5      | Identified the ring of Tomorrow {Int+6 Dex+4 Slay+5}
  4957 | D:5      | Reached skill level 5 in Shapeshifting
  5027 | D:5      | Reached XP level 8. HP: 34/34 MP: 9/9
  5152 | D:5      | Found a shimmering altar of Xom.
  5532 | D:6      | Found a glowing drain.
  5536 | Sewer    | Entered a sewer
  5863 | Sewer    | Reached skill level 9 in Dodging
  6044 | D:6      | Noticed Menkaure
  6489 | D:6      | Found a hide-covered altar of Uskayaw.
  6596 | D:6      | Noticed Blork the orc
  6607 | D:6      | Killed Blork the orc
  6662 | D:6      | Learned a level 2 spell: Wereblood
  6699 | D:6      | Found a glowing silver altar of Zin.
  6724 | D:6      | Killed Menkaure
  6746 | D:6      | Slain by a centaur
  7008 | D:6      | Upgraded the game from 0.31-a0-940-gdaa99269f9 to
                  | 0.31-a0-949-g57150269e1
  7168 | D:7      | Reached skill level 10 in Dodging
  7203 | D:7      | Reached XP level 9. HP: 15/39 MP: 10/10
  7672 | D:7      | Found an iron altar of Okawaru.
  7749 | D:8      | Found Udghash's Book Shop.
  8245 | D:8      | Killed from afar by an acid dragon
  8334 | D:8      | Reached skill level 11 in Dodging
  8453 | D:8      | Noticed a boulder beetle
  8489 | D:8      | Killed from afar by an acid dragon
  8681 | D:$      | Got out of the dungeon alive.

Illustrated notes

Levels and vault maps discovered:
D:1:      shiori_arrival_maze, layout_loops_ring,
          hellmonk_ecumenical_altar_run_dry, serial_park_tiny_2,
          hangedman_abyss_or_decor_stabs
D:2:      layout_loops_cross, minmay_fractal_squares_gapless_5, uniq_terence,
          uniq_crazy_yiuf_cottage, uniq_robin
D:3:      layout_basic, st_stairs_6, uniq_natasha
D:4:      layout_basic, minmay_temple_entry_enclosed_plants
D:5:      layout_loops_ring, general_overflow_altar
D:6:      layout_cave_pools, mainiacjoe_overflow_concentric_impassable,
          nicolae_uskayaw_suspiria, lightli_sewer_entry_pipes, uniq_menkaure,
          uniq_blork_the_orc
D:7:      layout_gridville, kennysheep_mini_moat
D:8:      layout_loops_ring, serial_shops, nicolae_shop_crystal
Temple:   minmay_temple_bridge_d

Skill      XL: |  1  2  3  4  5  6  7  8  9 |
---------------+----------------------------+-----
Fighting       | 2 3 4 |  4.0
Dodging        | 4 6 7 8 10 11 | 11.6
Evocations     | 4 |  4.0
Unarmed Combat | 3 |  3.0
Shapeshifting  | 5 7 8 |  8.0
Stealth        | 2 |  2.0

Action                     |  1- 3 |  4- 6 |  7- 9 || total
---------------------------+-------+-------+-------++-------
  Melee: Unarmed           |   135 |   191 |   281 ||   607
         Punch             |     3 |     5 |     2 ||    10
         Bite              |    16 |    15 |    36 ||    67
  Evoke: Wand              |     3 |    13 |    22 ||    38
         Tin of tremorston |       |       |     1 ||     1
    Use: Scroll            |       |     3 |     4 ||     7
         Potion            |       |       |     5 ||     5
   Stab: Sleeping          |     5 |     6 |     3 ||    14
         Distracted        |       |     1 |     2 ||     3
 Armour: Skin              |    35 |    49 |    81 ||   165
  Dodge: Dodged            |   105 |   178 |   248 ||   531
   Form: Flux              |       |       |     1 ||     1

Table legend: (Time is in decaauts)
 A = Elapsed time spent in this place.
 B = Non-inter-level travel time spent in this place.
 C = Inter-level travel time spent in this place.
 D = Time resting spent in this place.
 E = Time spent auto-exploring this place.
 F = Levels seen in this place.
 G = Mean time per level.
                   A        B        C        D        E       F      G
               +--------+--------+--------+--------+--------+-----+--------+
         Total |   7572 |   6762 |    810 |   1448 |   2916 |  10 |  757.2 |
       Dungeon |   7083 |   6387 |    696 |   1428 |   2915 |   8 |  885.4 |
        Temple |    121 |      8 |    113 |      0 |      0 |   1 |  121.0 |
         Sewer |    366 |    366 |      0 |     20 |      1 |   1 |  366.0 |
               +--------+--------+--------+--------+--------+-----+--------+

Top non-repeatable levels by time:
     D:5: 1241 daAuts
     D:6: 1053 daAuts
     D:2: 986 daAuts
     D:3: 920 daAuts
     D:1: 892 daAuts
     D:4: 817 daAuts
     D:7: 613 daAuts
     D:8: 558 daAuts
   Sewer: 366 daAuts
  Temple: 121 daAuts
